Map: Fracture LE

Players

MorphedZerg - Winner!

  • Race: Zerg Zerg
  • Spawn Location: 5:00

A.I. 1 (Hard)

  • Race: Terran Terran
  • Spawn Location: 11:00

VOD

Have the link to the VOD?

Description

Time

  • Played on: Oct. 12, 2018, 1:42 p.m.
  • Length: 6:21
Show
View Real Time Build Order
Export as new Build Order

MorphedZerg Zerg - Winner!

Build Orders: Pool First 

Get SALT Encoding   

  12  0:02  Drone  
  13  0:12  Overlord  
  13  0:17  Drone  
  14  0:29  Extractor  
  14  0:30  Drone  
  14  0:35  Drone  
  16  0:45  Spawning Pool  
  16  0:48  Extractor  
  15  0:50  Drone  
  15  0:53  Drone  
  16  1:32  Queen  
  16  1:33  Zergling x2  
  16  1:34  Zergling x4  
  21  1:51  Zergling x2  
  21  1:52  Hatchery  
  21  2:00  Metabolic Boost  
  21  2:16  Zergling x2  
  21  2:21  Overlord  
  20  2:44  Zergling x2  
  20  2:45  Zergling x10  
  23  3:17  Overlord  
  23  3:21  Zergling x2  
  23  3:22  Zergling x2  
  19  4:07  Zergling x2  
  19  4:08  Zergling x10  
  23  4:28  Queen  
  23  4:30  Overlord  
  25  4:33  Zergling x4  
  25  4:34  Zergling x2  
  23  5:06  Zergling x8  
  27  5:07  Zergling x8  
  28  5:38  Zergling x2  
  28  5:39  Zergling x12  
Show
View Real Time Build Order
Export as new Build Order

A.I. 1 (Hard) Terran 

Build Orders:  

Get SALT Encoding   

  12  0:00  SCV  
  13  0:13  SCV  
  14  0:18  Supply Depot  
  14  0:25  SCV  
  15  0:39  SCV  
  15  0:42  Barracks  
  16  0:49  Refinery  
  16  0:52  SCV  
  17  1:04  SCV  
  18  1:16  SCV  
  19  1:20  Supply Depot  
  19  1:28  SCV  
  19  1:30  Marine  
  21  1:40  Barracks  
  21  1:41  Orbital Command  
  21  1:48  Refinery, Barracks Tech Lab  
  21  2:06  Supply Depot, Marine  
  22  2:24  Marine  
  22  2:28  Marine  
  22  2:40  SCV  
  22  2:42  Marine  
  23  2:46  Marine  
  22  3:00  Marine  
  22  3:05  Marine  
  24  3:07  Supply Depot  
  24  3:17  Marine  
  25  3:23  Marine  
  23  3:35  Marine  
  22  3:42  Marine  
  22  3:43  SCV  
  20  3:53  Marine  
  19  3:55  SCV  
  19  4:01  Marine  
  19  4:07  SCV  
  18  4:11  Marine  
  19  4:19  Marine  
  19  4:20  SCV  
  21  4:29  Marine  
  22  4:32  SCV  
  22  4:38  Marine  
  23  4:44  SCV  
  25  4:47  Marine  
  25  4:56  SCV  
  25  4:57  Marine  
  25  5:06  Marine  
  25  5:08  SCV  
  26  5:15  Marine  
  23  5:25  Marauder  
  24  5:34  Marine  
  25  5:37  Supply Depot  
  25  5:42  SCV  
  26  5:46  Marine  
  27  5:53  Marine  
  27  5:54  SCV  
  18  6:06  SCV  
Tags
 
Matchup
TvZ
Opening
Pool First
Spawn Locations
Cross Positions
Add a new tag
Caveats
  • Supply blocks, unpowered buildings, or Contaminate may cause inaccurate times.
  • Supply counts are checked every 10 seconds.